 Dungeon Crawl Stone Soup version 0.27-a0-1545-g3eddc1d3d3 (webtiles) character file.

Game seed: 16481589620234855589

693 Mitsuki the Ducker (level 7, -6/50 HPs)
             Began as a Djinni Fire Elementalist on July 13, 2021.
             Killed by an exploding quokka (7 damage)
             ... ignited by their inner flame
             ... on level 4 of the Dungeon.
             The game lasted 00:17:51 (5367 turns).

Mitsuki the Ducker (Djinni Fire Elementalist)       Turns: 5367, Time: 00:17:51

Health: -6/50      AC:  3    Str:  7      XL:     7   Next: 96%
Gold:   174        EV: 13    Int: 18      God:
                   SH:  0    Dex: 12 (14)

rFire    + + .     SeeInvis .   k - +1 scythe
rCold    x . .     Faith    .   (shield currently unavailable)
rNeg     . . .     Spirit   .   a - +0 robe
rPois    ∞         Reflect  .   b - +0 helmet
rElec    .         Harm     .   (no cloak)
rCorr    .         Rampage  .   (no gloves)
Will     .....                  (boots unavailable)
Stlth    ++........             (no amulet)
HPRegen  0.16/turn              (no ring)
MPRegen  0.00/turn              (no ring)

@: flying
A: sickness immunity, fire resistance 2, cold vulnerability 1, float, innate
caster, hp casting, extra vitality 1
a: no special abilities


You were on level 4 of the Dungeon.
You visited 1 branch of the dungeon, and saw 4 of its levels.
You also visited: Sewer.

You collected 174 gold pieces.

Inventory:

Hand Weapons
 k - a +1 scythe (weapon)
Missiles
 r - a curare-tipped dart
Armour
 a - a +0 robe (worn)
 b - a +0 helmet (worn)
Scrolls
 d - 4 scrolls of identify
 g - a scroll of amnesia
 h - a scroll of magic mapping
Potions
 f - a potion of curing
 i - a potion of mutation {unknown}
 j - 2 potions of lignification {unknown}
 l - a potion of attraction {unknown}
 m - 3 potions of might
 n - 4 potions of haste {unknown}
 p - 3 potions of heal wounds {unknown}
 q - 3 potions of magic {unknown}
 s - 2 potions of cancellation {unknown}


   Skills:
 + Level 3.5 Fighting
 + Level 3.0 Armour
 + Level 4.6 Dodging
 - Level 1.5 Stealth
 * Level 4.5 Spellcasting


You couldn't memorise any spells.
You knew the following spells:

 Your Spells              Type           Power      Damage    Failure   Level
a - Foxfire               Conj/Fire      80%        2x1d8     2%          1
b - Conjure Flame         Conj/Fire      20%        6-21      7%          3
c - Inner Flame           Hex/Fire       20%        N/A       7%          3
d - Sticky Flame          Conj/Fire      20%        2d4       22%         4
e - Fireball              Conj/Fire      10%        3d6       52%         5
f - Apportation           Tloc           40%        N/A       2%          1
g - Passwall              Tmut/Erth      16%        N/A       3%          2
h - Spider Form           Tmut/Pois      10%        N/A       7%          3
Your spell library was empty.

Dungeon Overview and Level Annotations

Branches:
Dungeon (4/15)             Temple (0/1) D:4           Sewer (visited)

Altars:
Wu Jian

Annotations:
D:4 Eustachio


Innate Abilities, Weirdness & Mutations

You are immune to sickness and miasma.
You are immune to poison.
Your flesh is very heat resistant. (rF++)
You are vulnerable to cold. (rC-)
You float through the air rather than walking.
You learn spells naturally, not from books.
Your magical power is your life essence.
You have superior vitality. (+4 HP)


Message History

The quasit misses you. x3; The quokka bites you.
The quokka closely misses you.
The giant cockroach bites you but does no damage.
The river rat barely misses you.
You take 3 damage, and have 20/50 hp.
As you read the scroll labelled FUORUI CIEMUUL, it crumbles to dust.
The creatures around you are filled with an inner flame!
It was a scroll of immolation.
The quasit disappears in a puff of smoke!
The quasit barely misses you.
The quasit claws you but does no damage.
The quasit closely misses you. The quokka bites you.
The quokka splashes around in the water.
The giant cockroach barely misses you. The river rat misses you.
The quasit closely misses you. The quasit barely misses you.
The quasit claws you but does no damage.
You take 4 damage, and have 16/50 hp.
As you read the scroll labelled KUDIDE RYOC, it crumbles to dust.
The scroll dissolves into smoke.
It was a scroll of fog.
The white imp disappears in a puff of smoke!
The quokka bites you.
* * * LOW HITPOINT WARNING * * *
The quokka splashes around in the water.
The giant cockroach closely misses you. The quasit bites you.
* * * LOW HITPOINT WARNING * * *
You feel clumsy.
The quasit closely misses you. x2; The river rat closely misses you.
The quokka bites you but does no damage.
You take 5 damage, and have 11/50 hp.
As you read the scroll labelled DIPSESYFRAFIC, it crumbles to dust.
You speak a Word of immense power!
The quasit convulses!
It was a scroll of holy word.
The quasit explodes!
The fiery explosion engulfs the river rat!!!
The river rat's corpse disappears in a puff of smoke!
The fiery explosion engulfs you! You resist.
* * * LOW HITPOINT WARNING * * *
The fiery explosion engulfs the quokka!!
The quokka explodes!
The fiery explosion engulfs you! You resist.
You die...

,,*,*,,,≈**,,,#..b..,,,,........#
,,*,+******,,,+.....,,,,........#
,,*,,**,,**,,,#....######.......+
+**,,,,,,,,,<,#....#....#.......#
,+,,,,,,,,,,,,#....'....#.!.....#
,**,,*############.#....#.......#
,**,,##.≈≈≈≈≈≈o§§w§#....'.......+
,**,,...≈≈≈≈.≈oB§§§#....#.......#
,**,,...≈≈≈≈≈@Br@§§######.......#
,,*,,..#############,,,,#.......#
,******,,* *,,,,,,,,,#.......#
,**,,***** *,,,,,,,,,#.......#
+**,,,* *,,,,,,,,,#.....†.#
,,,,,,* **,,**,,,,#.......#
,,,,,,* *..#*,..,#........
,,*,,** #..#*...,######+#. ,,****
#..##....#,,,,,,#.


You could see a dart slug (inner flame), 2 orcs, a quokka (inner flame) and 2
giant cockroaches.

Vanquished Creatures
  Sigmund (D:2)
  A phantom (D:2)
  3 kobold brigands (Sewer)
  A jelly (D:3)
  Natasha (D:4)
  Robin (D:2)
  3 adders
  4 river rats (Sewer)
  2 dart slugs
  An orc (D:3)
  10 endoplasms
  4 giant cockroaches
  12 goblins
  6 hobgoblins
  8 jackals
  23 kobolds
  3 quokkas
  10 ball pythons
  8 bats
  7 frilled lizards
  30 rats
139 creatures vanquished.

Vanquished Creatures (others)
  324 foxfires
324 creatures vanquished.

Grand Total: 463 creatures vanquished

Notes
Turn   | Place    | Note
-------+----------+-------------------------------------------
     0 | D:1      | Mitsuki the Djinni Fire Elementalist began the quest for
                  | the Orb.
     0 | D:1      | Reached XP level 1. HP: 15/15 MP: 0/0
   470 | D:1      | Reached XP level 2. HP: 17/22 MP: 0/0
   663 | D:1      | Reached skill level 1 in Fighting
   807 | D:1      | Found a faded altar of an unknown god.
   910 | D:1      | Reached XP level 3. HP: 24/27 MP: 0/0
   910 | D:1      | Learned a level 1 spell: Apportation
  1439 | D:2      | Noticed a phantom
  1825 | D:2      | Reached XP level 4. HP: 32/32 MP: 0/0
  1833 | D:2      | Noticed Sigmund
  1857 | D:2      | Killed Sigmund
  1858 | D:2      | Reached skill level 1 in Armour
  1858 | D:2      | Reached XP level 5. HP: 10/39 MP: 0/0
  1858 | D:2      | Learned a level 2 spell: Passwall
  1858 | D:2      | Reached XP level 6. HP: 12/45 MP: 0/0
  2401 | D:2      | Noticed Robin
  2412 | D:2      | Killed Robin
  3343 | D:3      | Found an ornate altar of the Wu Jian Council.
  3539 | D:3      | Reached XP level 7. HP: 36/49 MP: 0/0
  3539 | D:3      | Learned a level 3 spell: Spider Form
  4152 | D:4      | Noticed Natasha
  4158 | D:4      | Killed Natasha
  4178 | D:4      | Noticed Eustachio
  4179 | D:4      | Found a glowing drain.
  4187 | Sewer    | Entered a sewer
  5367 | D:4      | HP: 1/50 [spore (10)]
  5367 | D:4      | Killed by an exploding quokka... ignited by their inner
                  | flame

Illustrated notes

Levels and vault maps discovered:
D:1:      dpeg_chamrin_arrival_tetris, layout_basic,
          shapermc_ecumenical_altar_petra
D:2:      layout_loops_ring, uniq_sigmund, uniq_robin
D:3:      layout_basic, nicolae_wu_jian_immortal_techniques
D:4:      layout_gridville, minmay_temple_entry_wispy, portal_sewer_entry_f,
          chequers_serial_rivers_room_a, minmay_fire_ice_demons, uniq_natasha,
          uniq_eustachio

Skill      XL: |  1  2  3  4  5  6  7 |
---------------+----------------------+-----
Fighting       | 1 2 3 |  3.5
Dodging        | 3 4 |  4.6
Armour         | 1 2 3 |  3.0
Spellcasting   | 3 4 |  4.5
Stealth        | |  1.5

Action                   |  1- 3 |  4- 6 |  7- 9 || total
-------------------------+-------+-------+-------++-------
Melee: Dagger            |    19 |       |       ||    19
       Scythe            |       |    43 |    11 ||    54
 Cast: Foxfire           |    46 |    57 |    81 ||   184
       Apportation       |       |     2 |       ||     2
       Spider Form       |       |       |     1 ||     1
  Use: Potion            |       |     1 |       ||     1
       Scroll            |       |       |     8 ||     8
 Stab: Sleeping          |     1 |     4 |     2 ||     7
Armor: Robe              |    11 |    20 |    28 ||    59
Dodge: Dodged            |    21 |    62 |    70 ||   153

Table legend: (Time is in decaauts)
 A = Elapsed time spent in this place.
 B = Non-inter-level travel time spent in this place.
 C = Inter-level travel time spent in this place.
 D = Time resting spent in this place.
 E = Time spent auto-exploring this place.
 F = Levels seen in this place.
 G = Mean time per level.
                   A        B        C        D        E       F      G
               +--------+--------+--------+--------+--------+-----+--------+
         Total |   5423 |   5215 |    208 |    893 |   3349 |   5 | 1084.6 |
       Dungeon |   4254 |   4046 |    208 |    592 |   2804 |   4 | 1063.5 |
         Sewer |   1168 |   1168 |      0 |    301 |    545 |   1 | 1168.0 |
               +--------+--------+--------+--------+--------+-----+--------+

Top non-repeatable levels by time:
     D:2: 1561 daAuts
     D:1: 1475 daAuts
   Sewer: 1168 daAuts
     D:3: 1142 daAuts
     D:4: 75 daAuts
